 Dungeon Crawl Stone Soup version 0.27.0-1-g7a089689b8 (webtiles) character file.

Game seed: 14072936638777341624

49 nicksoapdish the Grave Robber (level 3, -16/23 HPs)
             Began as a Ghoul Necromancer on Aug 6, 2021.
             Was a Follower of Hepliaklqana.
             Demolished by Crazy Yiuf (19 damage)
             ... on level 2 of the Dungeon.
             The game lasted 00:08:42 (2199 turns).

nicksoapdish the Grave Robber (Ghoul Necromancer)   Turns: 2199, Time: 00:08:44

Health: -16/23     AC:  2    Str: 11    XL:     3   Next: 77%
Magic:  3/5        EV: 12    Int: 11    God:    Hepliaklqana [*.....]
Gold:   98         SH:  0    Dex:  9    Spells: 5/7 levels left

rFire    + . .     SeeInvis .   a - +1 dagger (drain)
rCold    + . .     Faith    .   (no shield)
rNeg     + + +     Spirit   .   e - +0 robe
rPois    ∞         Reflect  .   i - +0 hat
rElec    .         Harm     .   (no cloak)
rCorr    .         Rampage  .   (no gloves)
Will     .....                  (no boots)
Stlth    ++........             (no amulet)
HPRegen  0.00/turn              g - ring of protection from fire
MPRegen  0.09/turn              (no ring)

@: mighty, inhibited regen
A: reduced essence, claws 1, cold resistance 1, negative energy resistance 3,
inhibited regeneration, torment resistance 2
a: Renounce Religion, Recall Ancestor, Ancestor Identity


You were on level 2 of the Dungeon.
You worshipped Hepliaklqana.
Hepliaklqana was aware of your devotion.
You visited 1 branch of the dungeon, and saw 2 of its levels.

You collected 98 gold pieces.

Inventory:

Hand Weapons
 a - a +1 dagger of draining (weapon)
 h - a +0 dagger
Armour
 e - a +0 robe (worn)
 i - a +0 hat (worn)
Jewellery
 g - a ring of protection from fire (left claw)
Scrolls
 d - 2 scrolls of identify {unknown}
Potions
 b - 2 potions of brilliance {unknown}
 c - a potion of heal wounds {unknown}
 f - a potion of curing {unknown}
 j - a potion of haste {unknown}


   Skills:
 - Level 1.7 Dodging
 - Level 2.4 Stealth
 * Level 2.5 Spellcasting
 * Level 4.7 Necromancy


You had 5 spell levels left.
You knew the following spells:

 Your Spells              Type           Power      Damage    Failure   Level
a - Pain                  Necr           44%        1d6       4%          1
b - Animate Skeleton      Necr           22%        N/A       4%          1

Your spell library contained the following spells:

 Spells                   Type           Power      Damage    Failure   Level
 Vampiric Draining        Necr           5%         2d6       12%         3
 Sting                    Tmut/Pois      4%         1d3       28%         1
 Animate Dead             Necr           5%         N/A       36%         4
 Poisonous Vapours        Pois/Air       2%         N/A       38%         2
 Gell's Gravitas          Tloc           0%         N/A       63%         3
 Ignite Poison            Fire/Tmut/Pois 1%         N/A       63%         3
 Teleport Other           Tloc           1%         N/A       63%         3
 Agony                    Necr           11%        N/A       73%         5
 Dispersal                Tloc           0%         N/A       100%        6
 Eringya's Noxious Bog    Tmut/Pois      0%         N/A       100%        6
 Spider Form              Tmut/Pois      Unusable   N/A       N/A         3

Dungeon Overview and Level Annotations

Branches:
Dungeon (2/15)

Altars:
Hepliaklqana
Xom

Shops:
D:2 [

Annotations:
D:2 Crazy Yiuf


Innate Abilities, Weirdness & Mutations

Your life essence is reduced to manifest your ancestor. (-10% HP)
You thrive by killing the living.
You are immune to poison.
You have sharp fingernails.
Your flesh is cold resistant. (rC+)
You are immune to negative energy. (rN+++)
You do not regenerate when monsters are visible.
You are immune to unholy pain and torment.


Message History

Henutemipet is destroyed!
Casting: Pain (safe; 4% risk of failure)
Confirm with . or Enter, or press ? or * to list all spells.
Aiming: Pain (safe; 4% risk of failure)
Press: ? - help, Shift-Dir - straight line, f - Crazy Yiuf
Aim: Crazy Yiuf, wielding a +4 quarterstaff of chaos and wearing a +0 cloak (chance to affect: 73%) Crazy Yiuf struggles to resist.
Casting: Pain (safe; 4% risk of failure)
Confirm with . or Enter, or press ? or * to list all spells.
Aiming: Pain (safe; 4% risk of failure)
Press: ? - help, Shift-Dir - straight line, f/p - Crazy Yiuf
Aim: Crazy Yiuf, wielding a +4 quarterstaff of chaos and wearing a +0 cloak (chance to affect: 73%) Crazy Yiuf writhes in agony.
Crazy Yiuf hits you with a +4 quarterstaff of chaos!
Ouch! That really hurt!
Crazy Yiuf laughs, "Cholesterol!"
Crazy Yiuf cries, "Orb!
Cod mumblescurry fast."
Crazy Yiuf cries, "Citrus water eyeball!"
Crazy Yiuf cries, "Mugger canine forty-two!"
Crazy Yiuf yells, "Ten!"
Crazy Yiuf waves his quarterstaff at you.
Crazy Yiuf says, "Tosser!"
Casting: Pain (safe; 4% risk of failure)
Confirm with . or Enter, or press ? or * to list all spells.
Aiming: Pain (safe; 4% risk of failure)
Press: ? - help, Shift-Dir - straight line, f/p - Crazy Yiuf
Aim: Crazy Yiuf, wielding a +4 quarterstaff of chaos and wearing a +0 cloak (lightly wounded, chance to affect: 73%) Crazy Yiuf writhes in agony.
Crazy Yiuf hits you with a +4 quarterstaff of chaos!
* * * LOW HITPOINT WARNING * * *
You feel very mighty all of a sudden.
Casting: Pain (safe; 4% risk of failure)
Confirm with . or Enter, or press ? or * to list all spells.
Aiming: Pain (safe; 4% risk of failure)
Press: ? - help, Shift-Dir - straight line, f/p - Crazy Yiuf
Aim: Crazy Yiuf, wielding a +4 quarterstaff of chaos and wearing a +0 cloak (lightly wounded, chance to affect: 73%) Crazy Yiuf writhes in agony.
Crazy Yiuf hits you with a +4 quarterstaff of chaos!!
Ouch! That really hurt!
You die...

.# #.......#########.#......#....
.# #.#######.........##.....#....
.###.# #.......####.....#.#..
.....# #.......# #.....#.#..
###### ###.....# ##.####.#.. #
#.<...# #..# #[##. # ###.### ##.#
#.... # #.########.###.... #
#@##....##..##.... #
#g##....###.##.... # #######
#.##....###..#.#.. # #.....#
#.#.......##.#.#.# # #.....#
#.#.....#.##.#.#.. # #.....#
#.#.....#.##.#.### # #.....#
#.#.....#.##.#.###
#####.....######.#.....#....R....
..........##...........####.#.#..


You could see Crazy Yiuf.

Vanquished Creatures
  An adder (D:1)
  A dart slug (D:1)
  4 endoplasms
  A giant cockroach (D:1)
  A goblin (D:1)
  A hobgoblin (D:1)
  2 quokkas
  2 ball pythons (D:1)
  2 bats
  3 frilled lizards (D:1)
  2 kobolds
  5 rats
25 creatures vanquished.

Vanquished Creatures (collateral kills)
  A dart slug (D:2)
  2 goblins (D:2)
  A hobgoblin (D:2)
  2 jackals (D:2)
  2 ball pythons
  2 rats (D:2)
10 creatures vanquished.

Vanquished Creatures (others)
  An ancestor (D:2)
1 creature vanquished.

Grand Total: 36 creatures vanquished

Notes
Turn   | Place    | Note
-------+----------+-------------------------------------------
     0 | D:1      | nicksoapdish the Ghoul Necromancer began the quest for the
                  | Orb.
     0 | D:1      | Reached XP level 1. HP: 14/14 MP: 2/2
     2 | D:1      | Learned a level 1 spell: Animate Skeleton
   321 | D:1      | Reached XP level 2. HP: 20/20 MP: 1/3
  1170 | D:1      | Reached XP level 3. HP: 19/26 MP: 1/5
  1344 | D:2      | Found a faded altar of an unknown god.
  1357 | D:2      | Became a worshipper of Hepliaklqana the Forgotten
  1357 | D:2      | Reached * piety under Hepliaklqana
  1378 | D:2      | Got the Volume of Contamination
  1397 | D:2      | Found a shimmering altar of Xom.
  1644 | D:2      | Found Cioxzua's Armour Boutique.
  2169 | D:2      | Found a runed translucent door.
  2170 | D:2      | Noticed Crazy Yiuf
  2199 | D:2      | Demolished by Crazy Yiuf

Illustrated notes

Levels and vault maps discovered:
D:1:      psy_arrival_whirlpool, layout_loops_ring
D:2:      layout_basic, ebering_ecumenical_altar_petrified, serial_shops, shop,
          basic_altar, minmay_misc_feat_doors, hangedman_decor_slide_cut,
          uniq_crazy_yiuf_cottage

Skill      XL: |  1  2 |
---------------+-------+-----
Spellcasting   | 2 |  2.5
Dodging        | |  1.7
Stealth        | |  2.4
Necromancy     | |  4.7

Action                   || total
-------------------------++-------
Melee: Dagger            ||    50
 Cast: Pain              ||    41
       Animate Skeleton  ||     5
Armor: Robe              ||    12
Dodge: Dodged            ||    33
